 Dungeon Crawl Stone Soup version 0.26-a0-1181-gd376ed14c5 (webtiles) character file.

Game seed: 5282875502781923124

647 Arthanis the Firebug (level 7, -1/36 HPs)
             Began as a Deep Elf Fire Elementalist on Dec 26, 2020.
             Killed by divine providence
             ... invoked by an orc priest
              (12 damage)
             ... on level 4 of the Dungeon.
             The game lasted 00:04:55 (3722 turns).

Arthanis the Firebug (Deep Elf Fire Elementalist)   Turns: 3722, Time: 00:04:56

Health: -1/36      AC:  2    Str:  5    XL:     7   Next: 27%
Magic:  14/17      EV: 13    Int: 22    God:
Gold:   212        SH:  0    Dex: 15    Spells: 4/17 levels left

rFire    . . .     SeeInvis .   e - +0 dagger
rCold    . . .     Faith    .   (no shield)
rNeg     . . .     Spirit   .   a - +0 robe
rPois    +         Reflect  .   (no helmet)
rElec    .         Harm     .   (no cloak)
rCorr    .         Rampage  .   (no gloves)
Will     .....                  (no boots)
Stlth    ++........             (no amulet)
HPRegen  0.12/turn              p - ring of poison resistance
MPRegen  0.15/turn              (no ring)

@: no status effects
A: no striking features
a: no special abilities


You were on level 4 of the Dungeon.
You visited 1 branch of the dungeon, and saw 4 of its levels.

You collected 212 gold pieces.

Inventory:

Hand Weapons
 e - a +0 dagger (weapon)
 s - a +0 scythe
Missiles
 j - a throwing net
Armour
 a - a +0 robe (worn)
Jewellery
 p - a ring of poison resistance (left hand)
Wands
 o - a wand of random effects (22)
Scrolls
 b - 5 scrolls of enchant armour {unknown}
 c - 8 scrolls of identify {unknown}
 d - 3 scrolls of random uselessness {unknown}
 f - a scroll of immolation {unknown}
 l - a scroll of remove curse {unknown}
 m - a scroll of enchant weapon {unknown}
 n - a scroll of fog {unknown}
 r - a scroll of teleportation {unknown}
 t - a scroll of fear {unknown}
Potions
 g - a potion of heal wounds {unknown}
 h - a potion of berserk rage {unknown}
 i - a potion of haste {unknown}
 k - a potion of might {unknown}
 q - a potion of lignification {unknown}


   Skills:
 - Level 2.4 Dodging
 - Level 2.4 Stealth
 + Level 5.9 Spellcasting
 + Level 4.2 Conjurations
 * Level 7.0 Fire Magic


You had 4 spell levels left.
You knew the following spells:

 Your Spells              Type           Power        Failure   Level
a - Foxfire               Conj/Fire      100%         1%          1
b - Conjure Flame         Conj/Fire      31%          2%          3
c - Sticky Flame          Conj/Fire      31%          9%          4
d - Fireball              Conj/Fire      15%          26%         5

Your spell library contained the following spells:

 Spells                   Type           Power        Failure   Level
 Inner Flame              Hex/Fire       22%          6%          3


Dungeon Overview and Level Annotations

Branches:
Dungeon (4/15)
 Temple: D:4-7

Altars:
Hepliaklqana
Kikubaaqudgha
Wu Jian


Message History

You conjure some foxfire!
The worker ant bites you.
Casting: Foxfire (safe; 1% risk of failure)
Confirm with . or Enter, or press ? or * to list all spells.
You conjure some foxfire!
The foxfire hits the worker ant but does no damage.
The foxfire hits the worker ant.
The worker ant is moderately wounded.
The worker ant barely misses you.
The orc priest calls down the wrath of Beogh upon you.
Pain shoots through your body!
Casting: Foxfire (safe; 1% risk of failure)
Confirm with . or Enter, or press ? or * to list all spells.
You conjure some foxfire!
The foxfire hits the worker ant!
The worker ant is severely wounded.
The foxfire hits the worker ant.
The worker ant is almost dead.
The worker ant bites you but does no damage.
The orc priest invokes the aid of Beogh against you.
Beogh smites you!
You die...

###.# #.# #.# #.# #.#
#.# #.# #.# #.# #
#.######.# #.#.#
#........# #.#.##
#######..#####.B..####
#......ยง@v.o.o.o
#########v..#### #.##
.# . ##


You could see a worker ant, an orc priest, an orc wizard and an orc.

Vanquished Creatures
  Grinder (D:3)
  Sigmund (D:4)
  A phantom (D:4)
  An orc priest (D:3)
  2 worker ants
  2 adders
  3 gnolls (D:3)
  A worm (D:3)
  2 dart slugs
  4 leopard geckos
  9 orcs
  9 bats
  2 giant cockroaches (D:1)
  8 goblins
  4 hobgoblins
  5 jackals (D:1)
  A quokka (D:3)
  3 frilled lizards
  4 kobolds
  5 rats
68 creatures vanquished.

Vanquished Creatures (others)
  334 foxfires
334 creatures vanquished.

Grand Total: 402 creatures vanquished

Notes
Turn   | Place    | Note
-------+----------+-------------------------------------------
     0 | D:1      | Arthanis the Deep Elf Fire Elementalist began the quest for
                  | the Orb.
     0 | D:1      | Reached XP level 1. HP: 10/10 MP: 6/6
   309 | D:1      | Reached XP level 2. HP: 15/15 MP: 4/8
   786 | D:1      | Reached skill level 4 in Fire Magic
   795 | D:1      | Reached XP level 3. HP: 18/19 MP: 1/10
  1129 | D:2      | Learned a level 3 spell: Conjure Flame
  1600 | D:2      | Found an ornate altar of the Wu Jian Council.
  1986 | D:2      | Reached XP level 4. HP: 17/24 MP: 0/11
  2071 | D:2      | Learned a level 4 spell: Sticky Flame
  2387 | D:3      | Found a hazy altar of Hepliaklqana.
  2460 | D:3      | Reached skill level 5 in Fire Magic
  2517 | D:3      | Reached XP level 5. HP: 28/28 MP: 4/13
  2630 | D:3      | Found an ancient bone altar of Kikubaaqudgha.
  2815 | D:3      | Noticed Grinder
  2825 | D:3      | Killed Grinder
  2826 | D:3      | Reached skill level 5 in Spellcasting
  2826 | D:3      | Reached skill level 6 in Fire Magic
  2826 | D:3      | Reached XP level 6. HP: 5/32 MP: 5/15
  3179 | D:4      | Noticed Sigmund
  3512 | D:4      | Killed Sigmund
  3513 | D:4      | Reached XP level 7. HP: 36/36 MP: 9/17
  3655 | D:4      | Reached skill level 7 in Fire Magic
  3661 | D:4      | Learned a level 5 spell: Fireball
  3722 | D:4      | Killed from afar by an orc priest

Illustrated notes

Levels and vault maps discovered:
D:1:      dpeg_arrival_round_a, layout_basic, minmay_statues_item
D:2:      layout_rooms, lemuel_crystal_altar
D:3:      layout_basic, nzn_hepliaklqana_mist_gate, lemuel_round_altar,
          minmay_misc_feat_four_crosses, chequers_serial_rivers_small_b,
          uniq_grinder
D:4:      layout_loops_ring, lemuel_temple_firewalk_b, uniq_sigmund

Skill      XL: |  1  2  3  4  5  6  7 |
---------------+----------------------+-----
Fire Magic     | 4 5 6 7 |  7.0
Conjurations   | 2 3 4 |  4.2
Spellcasting   | 4 5 |  5.9
Dodging        | |  2.4
Stealth        | |  2.4

Action                   |  1- 3 |  4- 6 |  7- 9 || total
-------------------------+-------+-------+-------++-------
Melee: Dagger            |     1 |     3 |       ||     4
 Cast: Foxfire           |   113 |    79 |    13 ||   205
 Stab: Sleeping          |       |     1 |       ||     1
Armor: Robe              |     3 |       |     1 ||     4
Dodge: Dodged            |    23 |    13 |     1 ||    37

Table legend: (Time is in decaauts)
 A = Elapsed time spent in this place.
 B = Non-inter-level travel time spent in this place.
 C = Inter-level travel time spent in this place.
 D = Time resting spent in this place.
 E = Time spent auto-exploring this place.
 F = Levels seen in this place.
 G = Mean time per level.
                   A        B        C        D        E       F      G
               +--------+--------+--------+--------+--------+-----+--------+
         Total |   3721 |   3691 |     30 |    131 |   3057 |   4 |  930.2 |
       Dungeon |   3721 |   3691 |     30 |    131 |   3057 |   4 |  930.2 |
               +--------+--------+--------+--------+--------+-----+--------+

Top non-repeatable levels by time:
     D:3: 1330 daAuts
     D:1: 1090 daAuts
     D:2: 744 daAuts
     D:4: 556 daAuts
